 Dungeon Crawl Stone Soup version 0.20-a0-309-gcba9277 (webtiles) character file.

120 4thArraOfDagon the Ruffian (level 4, -3/39 HPs)
             Began as a Troll Necromancer on Dec 19, 2016.
             Slain by an ice beast (14 damage)
             ... on level 4 of the Dungeon.
             The game lasted 00:04:00 (787 turns).

4thArraOfDagon the Ruffian (Troll Necromancer)       Turns: 787, Time: 00:04:00

Health: -3/39      AC:  5    Str: 16    XL:     4   Next: 75%
Magic:  13/13      EV: 10    Int: 12    God:    Xom [....*.]
Gold:   108        SH:  0    Dex: 10    Spells: 1/5 levels left

rFire  . . .     SeeInvis .       - Unarmed
rCold  . . .     Gourm    +     a - +0 robe
rNeg   . . .     Faith    .     (no shield)
rPois  .         Spirit   .     (helmet restricted)
rElec  .         Reflect  .     (no cloak)
rCorr  .         Harm     .     (gloves unavailable)
MR     .....                    (boots unavailable)
Stlth  +.........               (no amulet)
                                (no ring)
                                j - ring of magical power

@: no status effects
A: unfitting armour, claws 3, fast metabolism 3, gourmand, regeneration 1,
shaggy fur 1, tough skin 2
a: Renounce Religion


You were on level 4 of the Dungeon.
You worshipped Xom.
You were a beloved toy of Xom.
You were very full.

You visited 1 branch of the dungeon, and saw 4 of its levels.

You collected 108 gold pieces.

Inventory:

Armour
 a - a +0 robe (worn)
Jewellery
 j - a ring of magical power (left claw)
Scrolls
 e - a scroll of remove curse {unknown}
Potions
 d - a potion of might {unknown}
 f - 2 potions of resistance {unknown}
 g - a potion of mutation {unknown}
 h - a potion of invisibility {unknown}
 i - a potion of cancellation {unknown}
 k - a potion of curing {unknown}
 l - 2 potions of magic {unknown}
Books
 b - a book of Necromancy

   Spells                             Type                      Level
   a - Pain                           Necromancy                   1
   b - Animate Skeleton               Necromancy                   1
   c - Vampiric Draining              Necromancy                   3
   d - Regeneration                   Charms/Necromancy            3
   e - Animate Dead                   Necromancy                   4
   f - Control Undead                 Necromancy                   4
Comestibles
 c - 3 bread rations


   Skills:
 - Level 1.5 Dodging
 - Level 1.0 Stealth
 * Level 4.4 Unarmed Combat
 - Level 1.2 Spellcasting
 - Level 3.2 Necromancy


You had one spell level left.
You knew the following spells:

 Your Spells              Type           Power        Failure   Level  Hunger
a - Pain                  Necr           #...         10%         1    ##.....
b - Regeneration          Chrm/Necr      #.........   56%         3    ####...


Dungeon Overview and Level Annotations

Branches:
Dungeon (4/15)
 Temple: D:4-7

Altars:
Xom


Innate Abilities, Weirdness & Mutations

You are too large for most types of armour.
You have claws for hands.
Your metabolism is lightning-fast.
You like to eat raw meat.
Your natural rate of healing is unusually fast.
You are covered in fur. (AC +1)
You have very tough skin. (AC +2)


Message History

Your surroundings suddenly seem different.
You are now a beloved toy of Xom.
An ice beast comes into view.
Unknown command.
Unknown command.
Found a morningstar.
Unknown command.
Unknown command.
Unknown command.
You barely miss the ice beast. The ice beast hits you.
The ice beast freezes you!
You claw the ice beast!
The ice beast is heavily wounded.
You barely miss the ice beast.
The ice beast is heavily wounded.
The ice beast hits you.
* * * LOW HITPOINT WARNING * * *
The ice beast freezes you!
You die...
Xom is highly amused!

#..
#..
#..
#..
#.o
#..###
#....#
#.##.#
# #@#
#Y#
#.#
#.#
#.#
...
...
...


You could see an ice beast and an orc.

Vanquished Creatures
  2 orc wizards
  2 adders
  A worm (D:2)
  A leopard gecko (D:2)
  9 orcs
  A bat (D:2)
  A giant cockroach (D:4)
  3 goblins
  A hobgoblin (D:1)
  3 jackals (D:3)
  4 kobolds
  A ball python (D:4)
  A frilled lizard (D:1)
  A rat (D:2)
31 creatures vanquished.

Notes
Turn   | Place    | Note
-------+----------+-------------------------------------------
     0 | D:1      | 4thArraOfDagon the Troll Necromancer began the quest for the Orb.
     0 | D:1      | Reached XP level 1. HP: 16/16 MP: 1/1
    41 | D:1      | Reached skill level 1 in Unarmed Combat
   210 | D:2      | Reached XP level 2. HP: 24/24 MP: 2/2
   239 | D:2      | Reached skill level 2 in Unarmed Combat
   384 | D:3      | Reached XP level 3. HP: 29/31 MP: 3/3
   395 | D:3      | Learned a level 3 spell: Regeneration
   444 | D:3      | Reached skill level 3 in Unarmed Combat
   483 | D:3      | Reached XP level 4. HP: 35/39 MP: 4/4
   583 | D:3      | Found a shimmering altar of Xom.
   585 | D:3      | Found a shimmering altar of Xom.
   585 | D:3      | Found a sparkling altar of Nemelex Xobeh.
   587 | D:3      | Found an iron altar of Okawaru.
   587 | D:3      | Found a shattered altar of Ashenzari.
   587 | D:3      | Found a blossoming altar of Fedhas.
   617 | D:3      | Became a worshipper of Xom of Bone-Dry Humour
   678 | D:4      | XOM: divination: magic mapping
   759 | D:4      | XOM: fog
   760 | D:4      | Reached skill level 4 in Unarmed Combat
   779 | D:4      | XOM is BORED!
   779 | D:4      | XOM: 1-stop teleportation journey
   780 | D:4      | Noticed an ice beast
   787 | D:4      | Slain by an ice beast

Vault maps used:
D:1:      lightli_arrival_maybe_door_vault
D:2:      minmay_diamond_boxcup, minivault_19, uniq_iyjb
D:3:      doesnt_xom_only_xom, uniq_robin
D:4:      nicolae_overflow_crystal_walls, kennysheep_little_box

Skill      XL: |  1  2  3  4 |
---------------+-------------+-----
Unarmed Combat | 1 2 3 4 |  4.4
Dodging        | |  1.5
Stealth        | |  1.0
Spellcasting   | |  1.2
Necromancy     | |  3.2

Action                   |  1- 3 |  4- 6 || total
-------------------------+-------+-------++-------
Melee: Unarmed           |    84 |    39 ||   123
 Stab: Sleeping          |     1 |       ||     1
  Eat: Chunk             |     7 |     4 ||    11
Armor: Robe              |    48 |    11 ||    59
Dodge: Dodged            |    51 |    14 ||    65
